 Dungeon Crawl Stone Soup version 0.23-a0-150-g7664ed78f7 (webtiles) character file.

91 Holzbalken the Stinger (level 4, 0/30 HPs)
             Began as a Merfolk Venom Mage on Sept 7, 2018.
             Slain by an orc
             ... wielding a +0 short sword
              (5 damage)
             ... on level 4 of the Dungeon.
             The game lasted 00:10:27 (2599 turns).

Holzbalken the Stinger (Merfolk Venom Mage)         Turns: 2599, Time: 00:10:28

Health: 0/30       AC:  5    Str:  8    XL:     4   Next: 59%
Magic:  8/8        EV: 11    Int: 15    God:
Gold:   78         SH:  0    Dex: 14    Spells: 7/8 levels left

rFire    . . .     SeeInvis .   e - +0 spear
rCold    . . .     Gourm    .   (no shield)
rNeg     . . .     Faith    .   f - +0 ring mail
rPois    .         Spirit   .   (no helmet)
rElec    .         Reflect  .   (no cloak)
rCorr    .         Harm     .   (no gloves)
MR       .....     Rnd*Tele +   (no boots)
Stlth    +.........             (no amulet)
HPRegen  0.10/turn              o - ring of teleportation (curse)
MPRegen  0.11/turn              (no ring)

@: no status effects
A: change form in water, swift swim, stealthy swim
a: no special abilities


You were on level 4 of the Dungeon.
You were not hungry.

You visited 1 branch of the dungeon, and saw 3 of its levels.

You collected 78 gold pieces.

Inventory:

Hand Weapons
 d - a +0 hand axe
 e - a +0 spear (weapon)
Armour
 a - a +0 robe
 f - a +0 ring mail (worn)
Jewellery
 o - a cursed ring of teleportation (left hand)
Scrolls
 b - a scroll of identify {unknown}
 h - 2 scrolls of teleportation {unknown}
 j - 2 scrolls of enchant armour {unknown}
 l - 2 scrolls of remove curse {unknown}
 p - a scroll of magic mapping {unknown}
Potions
 i - 2 potions of curing {unknown}
 k - a potion of cancellation {unknown}
 m - a potion of lignification {unknown}
 n - a potion of haste {unknown}
Comestibles
 c - 6 rations


   Skills:
 + Level 1.6 Polearms
 + Level 3.1 Dodging
 - Level 2.1 Stealth
 * Level 2.7 Spellcasting
 * Level 1.9 Conjurations
 * Level 4.0 Poison Magic


You had 7 spell levels left.
You knew the following spells:

 Your Spells              Type           Power        Failure   Level  Hunger
a - Sting                 Conj/Pois      ##..         19%         1    #......

Your spell library contained the following spells:

 Spells                   Type           Power        Failure   Level  Hunger
 Poisonous Vapours        Pois/Air       #.....       38%         2    ##.....
 Mephitic Cloud           Conj/Pois/Air  #.......     63%         3    ###....
 Olgreb's Toxic Radiance  Pois           ##......     77%         4    #####..
 Venom Bolt               Conj/Pois      ##........   99%         5    ######.


Dungeon Overview and Level Annotations

Branches:
Dungeon (2/15)

Altars:
Gozag


Message History

The bullfrog hits you. The bullfrog hits you.
* * * LOW HITPOINT WARNING * * *
Found 13 arrows.
The bullfrog closely misses you.
Found 14 gold pieces.
Found 15 stones.
The bullfrog hits you.
* * * LOW HITPOINT WARNING * * *
You see here 14 gold pieces.
The bullfrog closely misses you. The bullfrog misses you.
The bullfrog barely misses you.
An orc comes into view. It is wielding a short sword.
The bullfrog barely misses you.
The orc shouts!
The bullfrog misses you. The bullfrog closely misses you.
The orc hits you with a short sword.
You die...

.......(.#
##...#...#
##.##..##
#....##
##...o#
#.....##
#......##
#.....oF#
##.....@#
##....##
##.#..
#....
######


You could see a bullfrog and 2 orcs.

Vanquished Creatures
  Terence (D:2)
  2 adders (D:2)
  2 leopard geckos (D:1)
  A ball python (D:2)
  4 bats
  3 giant cockroaches
  5 goblins
  4 hobgoblins
  9 jackals
  3 kobolds
  A quokka (D:2)
  6 rats
41 creatures vanquished.

Notes
Turn   | Place    | Note
-------+----------+-------------------------------------------
     0 | D:1      | Holzbalken the Merfolk Venom Mage began the quest for the
                  | Orb.
     0 | D:1      | Reached XP level 1. HP: 13/13 MP: 3/3
   423 | D:1      | Reached skill level 1 in Conjurations
   476 | D:1      | Reached XP level 2. HP: 19/19 MP: 3/5
  1420 | D:2      | Reached XP level 3. HP: 24/24 MP: 4/6
  1698 | D:2      | Reached skill level 1 in Polearms
  1783 | D:2      | Noticed Terence
  1799 | D:2      | Killed Terence
  1799 | D:2      | Reached XP level 4. HP: 25/30 MP: 1/7
  2185 | D:2      | Reached skill level 4 in Poison Magic
  2538 | D:2      | You fall through a shaft for 2 floors!
  2538 | D:4      | Noticed a bullfrog
  2543 | D:4      | Found an opulent altar of Gozag.
  2599 | D:4      | Slain by an orc

Vault maps used:
D:1:      dpeg_arrival_boxes_within_box, st_stairs_6
D:2:      uniq_terence
D:4:      chequers_temple_overflow_minitemple, old_standard_altar,
          uniq_eustachio, uniq_crazy_yiuf_cottage

Skill      XL: |  1  2  3  4 |
---------------+-------------+-----
Conjurations   | 1 |  1.9
Polearms       | 1 |  1.6
Dodging        | 3 |  3.1
Poison Magic   | 4 |  4.0
Stealth        | |  2.1
Spellcasting   | |  2.7

Action                   |  1- 3 |  4- 6 || total
-------------------------+-------+-------++-------
Melee: Spear             |   109 |    45 ||   154
 Cast: Sting             |    24 |    12 ||    36
 Stab: Sleeping          |     2 |       ||     2
  Eat: Chunk             |     3 |     3 ||     6
Armor: Ring mail         |    45 |    19 ||    64
       Robe              |     5 |       ||     5
Dodge: Dodged            |    82 |    37 ||   119

Table legend:
 A = Non-vault XP
 B = Vault XP
 C = Vault XP percentage of total XP
 D = Non-vault monster count
 E = Vault monster count
 F = Vault count percentage of total count
                 A         B        C        D         E       F
            +---------+---------+-------+---------+---------+-------
      Total |      93 |      38 |  29.0 |      38 |       3 |   7.3
            +---------+---------+-------+---------+---------+-------
        D:1 |      30 |       2 |   6.2 |      15 |       2 |  11.8
        D:2 |      63 |      36 |  36.4 |      23 |       1 |   4.2
            +---------+---------+-------+---------+---------+-------
